 Dungeon Crawl Stone Soup version 0.32-a0-928-g1cae6b7ea0 (webtiles) character file.

Game seed: 15009408472119754739

4613 gimp the Thaumaturge (level 10, 0/74 HPs)
             Began as a Barachi Earth Elementalist on Apr 5, 2024.
             Was an Initiate of Vehumet.
             Slain by a meliai
             ... wielding a +0 hand axe
              (2 damage)
             ... on level 9 of the Dungeon on Apr 12, 2024.
             The game lasted 00:21:43 (8105 turns).

gimp the Thaumaturge (Barachi Earth Elementalist)   Turns: 8105, Time: 00:21:43

Health: 0/74       AC:  5    Str: 10    XL:     10   Next: 42%
Magic:  7/25       EV: 12    Int: 20    God:    Vehumet [......]
Gold:   436        SH:  0    Dex: 12    Spells: 25/32 levels left

rFire   . . .        a - +2 dagger (protect)
rCold   . . .        (no shield)
rNeg    . . .        t - +0 robe {Will+}
rPois   .            p - +0 helmet
rElec   .            x - +0 cloak
rCorr   .            (no gloves)
SInv    .            k - +0 pair of boots
Will    +....        q - amulet of regeneration
Stlth   ++           (no ring)
HPRegen 1.12/turn    (no ring)
MPRegen 0.19/turn

%: no passive effects
@: lethally poisoned (0 -> -2), unable to hop, slowed, very slow
A: amphibious, slowness 1, strong legs 1, +LOS
a: Hop, Renounce Religion


You were on level 9 of the Dungeon.
You worshipped Vehumet.
Vehumet was noncommittal.
You visited 2 branches of the dungeon, and saw 12 of its levels.

You collected 484 gold pieces.
You spent 48 gold pieces at shops.

Inventory:

Hand Weapons
 a - a +2 dagger of protection (weapon)
Missiles
 c - 47 poisoned darts
Armour
 k - a +0 pair of boots (worn)
 l - +0 steam dragon scales
 p - a +0 helmet (worn)
 t - a +0 robe of willpower (worn)
 x - a +0 cloak (worn)
Jewellery
 b - an amulet of reflection
 g - a ring of fire
 q - an amulet of regeneration (around neck)
 r - a ring of ice
 A - a ring of ice
 B - a ring of magical power
Wands
 v - a wand of warping (5)
 y - a wand of flame (11)
 z - a wand of paralysis (6)
 D - a wand of mindburst (10)
Scrolls
 d - 2 scrolls of brand weapon
 f - a scroll of summoning
 j - 3 scrolls of enchant weapon
 u - 2 scrolls of revelation
 w - a scroll of noise
 C - a scroll of poison
Potions
 e - 5 potions of curing
 h - 3 potions of heal wounds
 i - 3 potions of haste
 n - a potion of mutation
 o - 3 potions of enlightenment
 s - 2 potions of ambrosia


   Skills:
 - Level 5.0 Fighting
 + Level 5.2 Dodging
 - Level 1.7 Stealth
 * Level 11.5 Spellcasting
 - Level 8.0 Conjurations
 - Level 4.0 Earth Magic


You had 25 spell levels left.
You knew the following spells:

 Your Spells              Type           Power      Damage    Failure   Level
a - Stone Arrow           Conj/Erth      70%        3d11      1%          3
b - Sandblast             Erth           54%        2d13      1%          1
c - Passwall              Erth           27%        N/A       3%          3

Your spell library contained the following spells:

 Spells                   Type           Power      Damage    Failure   Level
 Shock                    Conj/Air       100%       1d9       1%          1
 Sting                    Conj/Alch      100%       1d9       1%          1
 Brom's Barrelling Bould  Conj/Erth      35%        2d5       4%          4
 Necrotise                Necr           44%        1d6       6%          1
 Cigotuvi's Dreadful Rot  Necr/Alch/Air  22%        N/A       9%          2
 Fulminant Prism          Conj/Alch      13%        3d8       12%         4
 Iskenderun's Mystic Bla Conj/Tloc 27%            2d7        (+2d3     12%         4
 Tukima's Dance           Hex            11%        N/A       19%         3
 Volatile Blastmotes      Fire/Tloc      22%        2d11      19%         3
 Petrify                  Alch/Erth      19%        N/A       26%         4
 Freezing Cloud           Conj/Ice/Air   11%        6-21      50%         5
 Ignite Poison            Fire/Alch      11%        N/A       52%         4
 Passage of Golubria      Tloc           11%        N/A       52%         4
 Yara's Violent Unravell  Hex/Alch       5%         3d4       86%         5


Dungeon Overview and Level Annotations

Branches:
Dungeon (11/15)            Temple (1/1) D:7            Lair (0/5) D:11
    Orc: D:9-12

Altars:
Ashenzari
Cheibriados
Dithmenos
Elyvilon
Fedhas
Gozag
Hepliaklqana
Kikubaaqudgha
Makhleb
Nemelex Xobeh
Okawaru
Qazlal
Ru
Sif Muna
Trog
Uskayaw
Vehumet
Wu Jian
Xom
Yredelemnul

Shops:
D:1 !   D:2 *

Annotations:
D:2 1 runed translucent door, exclusion: door, Crazy Yiuf
D:3 3 runed translucent doors, exclusions: 3 doors and 2 frilled lizards, Grinder; ragingrage's ghost, amateur CoHu


Innate Abilities, Weirdness & Mutations

You are amphibious.
You cover ground slowly.
You can hop short distances.
You have an extended range of vision and can be seen from far away.


Message History

Casting: Stone Arrow (safe; 1% risk of failure)
Confirm with . or Enter, or press ? or * to list all spells.
Aiming: Stone Arrow (safe; 1% risk of failure)
Press: ? - help, Shift-Dir - straight line, f/p - bullfrog
Aim: a bullfrog (severely wounded, 67% to hit)
The stone arrow hits the bullfrog!!
You kill the bullfrog!
Vehumet accepts your kill.
You now have 19/25 mp.
A centaur simulacrum and a hornet come into view.
The hornet buzzes angrily.
You hear a howl!
You hear an angry hiss.
The centaur simulacrum hits you. The centaur simulacrum freezes you!
The centaur simulacrum closely misses you.
A wyvern comes into view.
You hear an angry buzzing noise.
There is an open door here.
You take 11 damage, and have 63/74 hp.
Unknown command.
The wyvern attacks as it pursues you! The wyvern completely misses you.
The wyvern misses you.
Casting: Stone Arrow (safe; 1% risk of failure)
Confirm with . or Enter, or press ? or * to list all spells.
Aiming: Stone Arrow (safe; 1% risk of failure)
Press: ? - help, Shift-Dir - straight line, f - wyvern
Aim: a wyvern (74% to hit)
The stone arrow hits the wyvern!
The wyvern is severely wounded.
The wyvern closely misses you. The wyvern misses you.
You now have 17/25 mp.
Casting: Stone Arrow (safe; 1% risk of failure)
Confirm with . or Enter, or press ? or * to list all spells.
Aiming: Stone Arrow (safe; 1% risk of failure)
Press: ? - help, Shift-Dir - straight line, f/p - wyvern
Aim: a wyvern (severely wounded, 74% to hit)
The stone arrow misses the wyvern.
The wyvern bites you.
You now have 14/25 mp.
Casting: Stone Arrow (safe; 1% risk of failure)
Confirm with . or Enter, or press ? or * to list all spells.
Aiming: Stone Arrow (safe; 1% risk of failure)
Press: ? - help, Shift-Dir - straight line, f/p - wyvern
Aim: a wyvern (severely wounded, 74% to hit)
The stone arrow hits the wyvern!!
You kill the wyvern!
Vehumet accepts your kill.
The hornet stings you but does no damage.
You now have 11/25 mp.
Casting: Stone Arrow (safe; 1% risk of failure)
Confirm with . or Enter, or press ? or * to list all spells.
Aiming: Stone Arrow (safe; 1% risk of failure)
Press: ? - help, Shift-Dir - straight line, f - hornet
Aim: a hornet (60% to hit)
The stone arrow misses the hornet.
The hornet completely misses you.
You now have 8/25 mp.
Casting: Stone Arrow (safe; 1% risk of failure)
Confirm with . or Enter, or press ? or * to list all spells.
Aiming: Stone Arrow (safe; 1% risk of failure)
Press: ? - help, Shift-Dir - straight line, f/p - hornet
Aim: a hornet (60% to hit)
The stone arrow hits the hornet!!
The hornet is severely wounded.
A meliai comes into view.
It is wielding a +0 hand axe and wearing a +3 ring mail of fire resistance.
A meliai comes into view. It is wielding a +0 hand axe.
The hornet stings you but does no damage.
Something unseen opens the door.
The hornet stings you!
You are poisoned.
You feel yourself slow down.
You take 6 damage, and have 62/74 hp.
You now have 5/25 mp.
Hop to where?
Press: ? - help, Dir - move target, p - hornet Boing!
You feel very sick.
You take 1 damage, and have 61/74 hp.
As you read the scroll of teleportation, it crumbles to dust.
You feel strangely unstable.
You feel yourself speed up.
You feel sick. The hornet stings you.
You feel yourself slow down.
You take 4 damage, and have 57/74 hp.
You feel yourself speed up.
You feel sick. The hornet closely misses you.
The hornet stings you but does no damage.
A killer bee comes into view.
The centaur simulacrum hits you. The centaur simulacrum freezes you!
The centaur simulacrum kicks you but does no damage.
You take 14 damage, and have 43/74 hp.
You feel sick. The hornet stings you.
You are more poisoned.
You feel yourself slow down.
You take 3 damage, and have 40/74 hp.
Your surroundings seem slightly different.
You feel very sick.
The meliai mumbles some strange prayers to its god against you.
Something smites you!
* * * LOW HITPOINT WARNING * * *
The meliai calls down the wrath of its god upon you.
Something smites you!
* * * LOW HITPOINT WARNING * * *
The meliai hits you with a +0 hand axe!
* * * LOW HITPOINT WARNING * * *
The meliai stings you.
You die...

.## #.....###......##..
##..................# #
#.....................
##..................#.. .
#........###........... #
##).......###........#..
##..........#..##.....#..
#...........#.####......
......###@...............
.....# ##yy###'###.....#
##..# ##.Z##..#.y# ..##
#.. #ยง.##..# #..# # #.
#.##..# #..# #.#.y# #..#
..#.# #.# ...'# #+ ###.#


You could see a hornet, a meliai and a centaur simulacrum.

Vanquished Creatures
  3 kobold demonologists (D:11)
  A hornet (D:10)
  A wyvern (D:9)
  2 steam dragons
  Menkaure (D:5)
  A water moccasin (D:7)
  2 orc warriors
  A black bear (D:7)
  2 ice beasts (D:7)
  2 ogres
  2 centaurs
  A phantom (D:6)
  4 kobold brigands
  Blork the orc (D:5)
  2 bullfrogs
  3 scorpions
  A burial acolyte (D:6)
  A howler monkey (D:4)
  4 crimson imps (D:4)
  8 hounds
  2 jellies
  2 orc priests (D:5)
  2 bombardier beetles
  3 sleepcaps
  2 gnoll boudas (D:6)
  3 iguanas
  Ijyb (D:5)
  10 orc wizards
  A hound zombie (D:6)
  14 gnolls
  5 adders
  2 shadow imps (D:6)
  2 white imps
  4 ufetubi
  2 adder zombies (D:6)
  17 orcs
  3 ball pythons
  10 endoplasms
  3 giant cockroaches
  3 hobgoblins
  2 quokkas (D:1)
  4 bats
  2 frilled lizards (D:1)
  3 gnoll zombies (D:6)
  9 goblins
  7 kobolds
  A kobold zombie (D:6)
  A rat (D:1)
163 creatures vanquished.

Vanquished Creatures (others)
  An orc wizard (D:9)
1 creature vanquished.

Grand Total: 164 creatures vanquished

Notes
Turn   | Place    | Note
-------+----------+-------------------------------------------
     0 | D:1      | gimp the Barachi Earth Elementalist began the quest for the
                  | Orb.
     0 | D:1      | Reached XP level 1. HP: 13/13 MP: 3/3
     0 | D:1      | Upgraded the game from 0.32-a0-900-g30fb1b0edc to
                  | 0.32-a0-928-g1cae6b7ea0
    41 | D:1      | Got Elementary Spellcasting
   106 | D:1      | Reached XP level 2. HP: 17/19 MP: 1/5
   258 | D:1      | Found Ylet Esi's Distillery.
   677 | D:2      | Found Mofum's Assorted Antiques.
   688 | D:2      | Bought an orange potion for 16 gold pieces
   688 | D:2      | Bought a lumpy coppery potion for 16 gold pieces
   688 | D:2      | Bought an orange potion for 16 gold pieces
   710 | D:2      | Found a runed translucent door.
   711 | D:2      | Noticed Crazy Yiuf
   791 | D:2      | Reached XP level 3. HP: 24/24 MP: 4/6
   795 | D:2      | Learned a level 3 spell: Stone Arrow
  1515 | D:3      | Reached XP level 4. HP: 30/30 MP: 6/8
  1539 | D:3      | Noticed Grinder
  1700 | D:4      | Noticed a scorpion
  1711 | D:4      | Killed a scorpion
  1712 | D:4      | Reached skill level 3 in Spellcasting
  1712 | D:4      | Reached XP level 5. HP: 22/35 MP: 2/9
  1796 | D:4      | Found a shimmering altar of Xom.
  1899 | D:4      | Reached XP level 6. HP: 41/41 MP: 7/11
  2165 | D:3      | Found a snail-covered altar of Cheibriados.
  2276 | D:3      | Reached skill level 5 in Conjurations
  2303 | D:3      | Found a runed translucent gate.
  2304 | D:3      | Found a runed translucent gate.
  2304 | D:3      | Found a runed translucent gate.
  2310 | D:3      | Noticed ragingrage's ghost (amateur CoHu)
  2609 | D:4      | Reached skill level 4 in Spellcasting
  2719 | D:4      | Found a burning altar of Makhleb.
  2860 | D:4      | Reached XP level 7. HP: 37/46 MP: 8/13
  2866 | D:4      | Learned a level 3 spell: Passwall
  2962 | D:5      | Entered Level 5 of the Dungeon
  2977 | D:5      | Found an opulent altar of Gozag.
  3076 | D:5      | Found a stormy altar of Qazlal.
  3088 | D:5      | Reached skill level 1 in Fighting
  3768 | D:5      | Noticed Menkaure
  3771 | D:5      | Killed Menkaure
  3772 | D:5      | Reached skill level 5 in Spellcasting
  3772 | D:5      | Reached XP level 8. HP: 57/57 MP: 8/15
  3860 | D:5      | Noticed Ijyb
  3866 | D:5      | Noticed Blork the orc
  3978 | D:5      | Killed Ijyb
  4105 | D:5      | Killed Blork the orc
  4251 | D:5      | Found a sacrificial altar of Ru.
  4408 | D:6      | Reached skill level 6 in Spellcasting
  4886 | D:6      | Reached skill level 5 in Fighting
  4906 | D:6      | Reached XP level 9. HP: 42/68 MP: 2/19
  4914 | D:6      | Reached skill level 7 in Spellcasting
  5280 | D:6      | Found an ancient bone altar of Kikubaaqudgha.
  5744 | D:6      | Reached skill level 8 in Spellcasting
  6237 | D:7      | Reached skill level 9 in Spellcasting
  6569 | D:7      | Found a staircase to the Ecumenical Temple.
  6690 | Temple   | Entered the Ecumenical Temple
  6703 | Temple   | Became a worshipper of Vehumet
  7157 | D:8      | You fall into a shaft and drop 3 floors!
  7211 | D:11     | Found a staircase to the Lair.
  7311 | D:10     | Entered Level 10 of the Dungeon
  7311 | D:10     | Noticed a kobold demonologist
  7311 | D:10     | Noticed a kobold demonologist
  7311 | D:10     | Noticed a kobold demonologist
  7319 | D:11     | Killed a kobold demonologist
  7320 | D:11     | Reached skill level 10 in Spellcasting
  7482 | D:11     | Killed a kobold demonologist
  7483 | D:11     | Reached XP level 10. HP: 71/74 MP: 14/24
  7555 | D:11     | Killed a kobold demonologist
  7628 | D:11     | Reached skill level 11 in Spellcasting
  8009 | D:9      | Reached skill level 5 in Dodging
  8100 | D:9      | Noticed a meliai
  8100 | D:9      | Noticed a meliai
  8105 | D:9      | HP: 2/74 [meliai/+0 hand axe (12)]
  8105 | D:9      | Slain by a meliai

Illustrated notes

Levels and vault maps discovered:
D:1:      tarquinn_simple_flora_water_a, layout_basic, serial_shops,
          nicolae_shop_just_a_little_nook
D:2:      layout_basic, serial_shops, shop, uniq_crazy_yiuf_cottage
D:3:      layout_basic, cheibriados_altar_2, ebering_ghost_rock_garden,
          uniq_grinder
D:4:      layout_loops_ring, mainiacjoe_overflow_alcove_4, led_xom_imps
D:5:      layout_rooms, nicolae_qazlal_scattered_showers,
          nicolae_overflow_crystal_walls, nicolae_gozag_seed_capital,
          hangedman_decor_riveting, serial_bayou_pond_e, grunt_decor_cap,
          kennysheep_flooded_box, uniq_menkaure, uniq_blork_the_orc, uniq_ijyb
D:6:      layout_layer_cave, regret_index_kikubaaqudgha_part_by_part
D:7:      layout_cave_pods, minmay_temple_entry_fiery
D:8:      layout_basic, zin_purify, kennysheep_little_box,
          nicolae_transmutations_shop
D:9:      minmay_the_grid_octo_2x2 [minmay_the_grid_octo_fan_narrow,
          minmay_the_grid_octo_concentric, minmay_the_grid_octo_77,
          minmay_the_grid_octo_prize_star], layout_layer_cave,
          serial_bayou_lagoon_a
D:10:     bobbens_index_wilting_gardens, layout_loops_ring
D:11:     layout_basic, dpeg_lair_monsters, uniq_harold, uniq_sonja
Temple:   nicolae_temple_ecumenical_triangle

Skill      XL: |  1  2  3  4  5  6  7  8  9 10 |
---------------+-------------------------------+-----
Conjurations   | 2 3 4 5 7 8 |  8.0
Spellcasting   | 3 4 5 6 10 11 | 11.5
Earth Magic    | 4 |  4.0
Fighting       | 2 5 |  5.0
Dodging        | 4 5 |  5.2
Stealth        | |  1.7

Action                     |  1- 3 |  4- 6 |  7- 9 | 10-12 || total
---------------------------+-------+-------+-------+-------++-------
  Melee: Unarmed           |     6 |     3 |     3 |       ||    12
         Punch             |     1 |       |       |       ||     1
         Dagger            |       |       |    41 |       ||    41
   Cast: Sandblast         |    49 |    65 |    24 |       ||   138
         Stone Arrow       |       |       |   153 |    33 ||   186
Ability: Hop               |     1 |       |     2 |     1 ||     4
  Evoke: Wand              |       |       |     4 |       ||     4
    Use: Potion            |       |       |     3 |       ||     3
         Scroll            |       |       |    15 |     2 ||    17
 Armour: Robe              |    16 |    37 |   126 |    29 ||   208
  Dodge: Dodged            |    15 |    24 |   111 |    20 ||   170

Table legend: (Time is in decaauts)
 A = Elapsed time spent in this place.
 B = Non-inter-level travel time spent in this place.
 C = Inter-level travel time spent in this place.
 D = Time resting spent in this place.
 E = Time spent auto-exploring this place.
 F = Levels seen in this place.
 G = Mean time per level.
                   A        B        C        D        E       F      G
               +--------+--------+--------+--------+--------+-----+--------+
         Total |   9228 |   8839 |    389 |   2194 |   4970 |  12 |  769.0 |
       Dungeon |   9196 |   8837 |    359 |   2194 |   4970 |  11 |  836.0 |
        Temple |     31 |      2 |     29 |      0 |      0 |   1 |   31.0 |
               +--------+--------+--------+--------+--------+-----+--------+

Top non-repeatable levels by time:
     D:6: 1854 daAuts
     D:4: 1551 daAuts
     D:7: 1174 daAuts
     D:2: 1034 daAuts
     D:5: 1022 daAuts
     D:3: 871 daAuts
    D:11: 698 daAuts
     D:1: 591 daAuts
    D:10: 196 daAuts
     D:9: 126 daAuts
     D:8: 75 daAuts
  Temple: 31 daAuts
